Map: Orbital Shipyard

Players

Wellmet

  • Race: Terran Terran
  • League: Diamond

Uply - Winner!

  • Race: Zerg Zerg
  • League: Platinum

VOD

Have the link to the VOD?

Description

Time

  • Played on: Nov. 13, 2015, 10:07 p.m.
  • Length: 6:48
Show
View Real Time Build Order
Export as new Build Order

Wellmet Terran 

Build Orders: Reaper Expand 

Get SALT Encoding   

  12  0:01  SCV  
  13  0:13  SCV  
  14  0:18  Supply Depot  
  14  0:25  SCV  
  15  0:39  SCV  
  15  0:41  Barracks  
  16  0:46  Refinery  
  16  0:51  SCV  
  17  1:03  SCV  
  18  1:16  SCV  
  19  1:28  Orbital Command  
  19  1:29  Reaper  
  20  1:42  Command Center  
  20  1:54  SCV, Supply Depot  
  21  2:06  SCV  
  21  2:07  Barracks Reactor  
  22  2:18  SCV  
  23  2:26  Factory  
  23  2:32  SCV  
  24  2:42  Command Center  
  24  2:44  SCV  
  24  2:45  Refinery  
  24  2:46  Marine  
  24  2:48  Marine  
  27  2:58  Orbital Command  
  27  3:00  SCV  
  28  3:13  SCV  
  28  3:21  Starport  
  28  3:24  Hellion x2  
  28  3:25  SCV  
  28  3:26  Barracks Tech Lab  
  33  3:27  SCV  
  34  3:37  SCV  
  34  3:39  SCV  
  36  3:47  Hellion x2  
  40  3:49  SCV  
  40  3:51  Stimpack, Marine  
  40  3:55  Orbital Command  
  42  3:56  SCV  
  42  4:01  Viking  
  45  4:03  SCV  
  45  4:08  SCV  
  47  4:12  Hellion x2  
  47  4:14  Marine  
  47  4:15  SCV  
  53  4:21  SCV x2  
  55  4:27  SCV  
  56  4:32  Supply Depot, Marine  
  56  4:33  SCV  
  58  4:46  SCV  
  58  4:50  Starport Reactor  
  59  4:59  Factory Reactor  
  57  5:03  SCV x2  
  57  5:04  Marine, Orbital Command  
  56  5:13  Refinery, Barracks  
  56  5:14  Supply Depot, Barracks  
  57  5:15  SCV, Refinery  
  57  5:16  Engineering Bay  
  57  5:17  Engineering Bay  
  57  5:18  Barracks  
  57  5:25  SCV  
  57  5:27  SCV  
  61  5:28  Marauder  
  61  5:29  Barracks  
  61  5:31  SCV  
  61  5:33  Barracks  
  62  5:37  SCV, Starport Reactor  
  62  5:39  SCV  
  62  5:40  Bunker  
  64  5:44  SCV  
  64  5:47  Factory Tech Lab  
  64  5:49  SCV  
  66  5:52  Missile Turret  
  66  5:53  Missile Turret  
  66  5:55  Missile Turret  
  66  5:56  SCV  
  67  5:57  Marauder  
  67  6:05  SCV  
  67  6:06  SCV  
  67  6:07  Marine  
  67  6:08  Marine x3  
  58  6:12  Bunker  
  58  6:18  Marine x2  
  53  6:26  Marine  
  53  6:27  Marine x2  
  53  6:28  Marine  
  53  6:29  SCV  
  53  6:30  SCV  
Show
View Real Time Build Order
Export as new Build Order

Uply Zerg - Winner!

Build Orders: Hatch First 

Get SALT Encoding   

  12  0:11  Overlord  
  12  0:17  Drone  
  12  0:19  Drone  
  14  0:31  Drone  
  14  0:33  Drone  
  16  0:44  Drone  
  17  0:54  Hatchery  
  16  0:57  Drone  
  16  1:01  Extractor  
  16  1:12  Spawning Pool  
  16  1:15  Drone  
  16  1:19  Drone  
  17  1:35  Overlord  
  17  1:39  Drone  
  18  1:54  Drone  
  18  1:59  Queen  
  21  2:01  Zergling x2  
  21  2:06  Queen  
  21  2:07  Drone  
  25  2:10  Metabolic Boost  
  25  2:15  Drone  
  25  2:30  Drone x3  
  28  2:37  Zergling x2  
  28  2:39  Queen  
  31  2:46  Drone x2  
  33  2:56  Drone x2  
  35  2:59  Overlord  
  35  3:19  Hatchery  
  34  3:26  Drone x2  
  36  3:27  Overlord x2  
  36  3:29  Zergling x2  
  36  3:30  Zergling x6  
  40  3:37  Drone  
  40  3:38  Drone  
  42  3:42  Extractor  
  42  3:46  Drone  
  42  3:53  Drone x2  
  42  3:54  Drone  
  44  3:56  Zergling x8  
  48  4:03  Drone x2  
  50  4:12  Overlord  
  50  4:14  Overlord  
  50  4:23  Overlord x2  
  50  4:26  Zergling x2  
  50  4:27  Zergling x8  
  55  4:38  Drone x2  
  57  4:43  Zergling x2  
  57  4:44  Zergling x4  
  59  4:54  Baneling Nest, Zergling x12  
  61  5:08  Zergling x10  
  66  5:16  Zergling x2  
  66  5:17  Zergling x4  
  66  5:18  Lair  
  69  5:32  Zergling x14  
  76  5:38  Baneling x16  
  76  5:46  Zergling x14  
  81  5:51  Baneling x2  
  81  5:52  Baneling  
  81  5:56  Overlord x2  
  80  6:07  Zergling x2, Baneling x2  
  80  6:08  Baneling, Zergling x14  
  80  6:09  Baneling x2  
  80  6:10  Zergling x2  
  80  6:16  Zergling x4  
  80  6:25  Zergling x2  
  80  6:26  Zergling x10  
  80  6:27  Baneling x2  
  80  6:28  Baneling x2  
Tags
 
Add a new tag
Caveats
  • Supply blocks, unpowered buildings, or Contaminate may cause inaccurate times.
  • Supply counts are checked every 10 seconds.